 Dungeon Crawl Stone Soup version 0.30-a0-776-g08fbeb92c1 (webtiles) character file.

Game seed: 6772531027557551536

43 DEFE the Conjurer (level 3, 0/27 HPs)
             Began as a Demonspawn Wanderer on Feb 13, 2023.
             Slain by Jessica
             ... wielding a +4 club
              (7 damage)
             ... on level 3 of the Dungeon.
             The game lasted 00:01:00 (1037 turns).

DEFE the Conjurer (Demonspawn Wanderer)             Turns: 1037, Time: 00:01:01

Health: 0/27       AC:  3    Str: 13    XL:     3   Next: 37%
Magic:  6/6        EV: 11    Int: 14    God:
Gold:   74         SH:  0    Dex: 12    Spells: 6/6 levels left

rFire   . . .      SeeInvis .    e - +0 whip (elec)
rCold   . . .      Faith    .    (no shield)
rNeg    . . .      Spirit   .    d - +0 robe
rPois   +          Reflect  .    (no helmet)
rElec   .          Harm     .    (no cloak)
rCorr   .          Rampage  .    (no gloves)
Will    .....                    b - +0 pair of boots
Stlth   +                        l - amulet of regeneration
HPRegen 1.04/turn                h - ring of poison resistance
MPRegen 0.10/turn                (no ring)

@: no status effects
A: demonic guardian 1
a: no special abilities


You were on level 3 of the Dungeon.
You visited 1 branch of the dungeon, and saw 3 of its levels.

You collected 74 gold pieces.

Inventory:

Hand Weapons
 a - a +0 quarterstaff
 e - a +0 whip of electrocution (weapon)
Missiles
 f - 5 poisoned darts (quivered)
Armour
 b - a +0 pair of boots (worn)
 d - a +0 robe (worn)
Jewellery
 h - a ring of poison resistance (left hand)
 l - an amulet of regeneration (around neck)
Scrolls
 i - a scroll of teleportation {unknown}
 j - a scroll of magic mapping {unknown}
 k - a scroll of identify {unknown}
Potions
 c - a potion of attraction
 g - a potion of lignification {unknown}
 m - a potion of heal wounds


   Skills:
 - Level 2.0 Fighting
 + Level 2.7(3.0) Maces & Flails
 - Level 1.9(2.6) Staves
 - Level 1.0 Dodging
 - Level 2.0 Spellcasting
 - Level 3.0 Conjurations


You had 6 spell levels left.
You didn't know any spells.
Your spell library contained the following spells:

 Spells                   Type           Power      Damage    Failure   Level
 Magic Dart               Conj           36%        1d4       7%          1
 Kiss of Death            Conj/Necr      20%        2d7       13%         1
 Flame Wave               Conj/Fire      5%         2d5       77%         4


Dungeon Overview and Level Annotations

Branches:
Dungeon (3/15)

Altars:
Makhleb

Annotations:
D:3 Jessica


Innate Abilities, Weirdness & Mutations

A weak demonic guardian rushes to your aid.


Message History

Found a stone staircase leading down.
Jessica gestures at you while chanting.
You barely resist.
Unknown command.
Jessica casts a spell at you.
You barely resist. You closely miss Jessica.
Jessica gestures wildly.
Jessica hits you with a +4 club.
You take 1 damage, and have 26/27 hp.
You barely miss Jessica.
Jessica shouts, "You're disturbing me!
I'll have to kill you!"
Jessica mumbles some strange words.
Jessica seems to speed up.
Health restored: 27 You closely miss Jessica.
Jessica closely misses you.
Unknown command.
You hit Jessica. Jessica misses you.
You closely miss Jessica. Jessica hits you with a +4 club!
Jessica barely misses you.
You take 7 damage, and have 20/27 hp.
MASSIVE DAMAGE!!
You hit Jessica. Jessica hits you with a +4 club.
You take 2 damage, and have 18/27 hp.
You barely miss Jessica.
Jessica drinks a potion.
Jessica is healed!
Jessica barely misses you.
You hit Jessica. Jessica hits you with a +4 club.
A demonic guardian appears!
You take 4 damage, and have 15/27 hp.
Unknown command.
You hit Jessica but do no damage. Jessica hits you with a +4 club.
Your quasit barely misses Jessica.
Your quasit closely misses Jessica.
Your quasit barely misses Jessica.
Jessica hits you with a +4 club.
* * * LOW HITPOINT WARNING * * *
You take 9 damage, and have 6/27 hp.
MASSIVE DAMAGE!!
You closely miss Jessica.
Your quasit barely misses Jessica.
Your quasit claws Jessica but does no damage. x2
Jessica hits you with a +4 club!
You die...

######## ......# ##
#.....# .. #.
+.....# ... #.
#.....#
...###.##.....##.#
............@@..>#
.#......#####5##....
#......# .# #
#......### .#
#.....)..# .#
#####....# .#
..#####....###..
..............##
######.#####.#


You could see Jessica (fast, ally target) and a friendly quasit (summoned).

Vanquished Creatures
  2 adders (D:2)
  A worm (D:2)
  2 ball pythons (D:2)
  A bat (D:2)
  5 endoplasms
  A giant cockroach (D:2)
  A goblin (D:2)
  A hobgoblin (D:2)
  A quokka (D:2)
  A frilled lizard (D:1)
  3 kobolds
  3 rats
22 creatures vanquished.

Notes
Turn   | Place    | Note
-------+----------+-------------------------------------------
     0 | D:1      | DEFE the Demonspawn Wanderer began the quest for the Orb.
     0 | D:1      | DEFE set off with the following items: a +0 quarterstaff, a
                  | +0 pair of boots, a potion of attraction, a +0 robe; and
                  | the following spells available to memorise: Magic Dart,
                  | Kiss of Death, Flame Wave.
     0 | D:1      | Reached XP level 1. HP: 16/16 MP: 3/3
   199 | D:1      | You fall into a shaft and drop 1 floor!
   209 | D:2      | Reached skill level 1 in Maces & Flails
   209 | D:2      | Gained mutation: A weak demonic guardian rushes to your
                  | aid. [demonic ancestry]
   209 | D:2      | Reached XP level 2. HP: 22/22 MP: 5/5
   288 | D:2      | Found a burning altar of Makhleb.
   413 | D:2      | Reached XP level 3. HP: 14/27 MP: 6/6
  1023 | D:3      | Noticed Jessica
  1037 | D:3      | Slain by Jessica

Illustrated notes

Levels and vault maps discovered:
D:1:      ncdulo_watergridlock, layout_basic
D:2:      layout_basic, basic_altar
D:3:      layout_basic, uniq_sigmund, uniq_crazy_yiuf_cottage, uniq_jessica,
          uniq_grinder

Skill      XL: |  1  2 |
---------------+-------+-----
Maces & Flails | 1 2 |  2.7
Fighting       | |  2.0
Staves         | |  1.9
Dodging        | |  1.0
Spellcasting   | |  2.0
Conjurations   | |  3.0

Action                     || total
---------------------------++-------
  Melee: Quarterstaff      ||    12
         Whip              ||    63
         Punch             ||     1
   Stab: Sleeping          ||     2
 Armour: Robe              ||    15
  Dodge: Dodged            ||    44

Table legend: (Time is in decaauts)
 A = Elapsed time spent in this place.
 B = Non-inter-level travel time spent in this place.
 C = Inter-level travel time spent in this place.
 D = Time resting spent in this place.
 E = Time spent auto-exploring this place.
 F = Levels seen in this place.
 G = Mean time per level.
                   A        B        C        D        E       F      G
               +--------+--------+--------+--------+--------+-----+--------+
         Total |   1037 |   1016 |     21 |     79 |    752 |   3 |  345.7 |
       Dungeon |   1037 |   1016 |     21 |     79 |    752 |   3 |  345.7 |
               +--------+--------+--------+--------+--------+-----+--------+

Top non-repeatable levels by time:
     D:2: 797 daAuts
     D:1: 202 daAuts
     D:3: 38 daAuts
